 Dungeon Crawl Stone Soup version 0.27-a0-1149-g4505690ab0 (webtiles) character file.

Game seed: 5756071710306758141

650 lunkers the Magician (level 7, -7/52 HPs)
             Began as a Djinni Air Elementalist on May 11, 2021.
             Mangled by Pikel
             ... wielding a +1 whip of flaming
              (11 damage)
             ... on level 5 of the Dungeon on May 12, 2021.
             The game lasted 00:10:54 (6256 turns).

lunkers the Magician (Djinni Air Elementalist)      Turns: 6256, Time: 00:10:54

Health: -7/52      AC:  4    Str:  7    XL:     7   Next: 83%
Gold:   180        EV: 12    Int: 18    God:
                   SH:  5    Dex: 14

rFire    + + .     SeeInvis .   j - +1 dagger (venom)
rCold    x . .     Faith    .   (no shield)
rNeg     . . .     Spirit   .   a - +0 robe
rPois    ∞         Reflect  +   r - +0 helmet
rElec    .         Harm     .   (no cloak)
rCorr    .         Rampage  .   p - +0 pair of gloves
Will     .....                  (boots unavailable)
Stlth    ++........             b - amulet of reflection
HPRegen  0.17/turn              (no ring)
MPRegen  0.00/turn              (no ring)

@: flying
A: sickness immunity, fire resistance 2, cold vulnerability 1, float, innate
caster, hp casting, extra vitality 1
a: no special abilities


You were on level 5 of the Dungeon.
You visited 1 branch of the dungeon, and saw 5 of its levels.

You collected 180 gold pieces.

Inventory:

Hand Weapons
 j - a +1 dagger of venom (weapon)
Armour
 a - a +0 robe (worn)
 p - a +0 pair of gloves (worn)
 r - a +0 helmet (worn)
Jewellery
 b - an amulet of reflection (around neck)
 m - a ring of ice
Wands
 q - a wand of digging (4)
Scrolls
 c - 4 scrolls of identify {unknown}
 d - a scroll of silence {unknown}
 f - a scroll of amnesia {unknown}
 h - a scroll of teleportation {unknown}
 i - a scroll of fear {unknown}
 l - a scroll of blinking {unknown}
 n - a scroll of magic mapping {unknown}
 o - 3 scrolls of acquirement {unknown}
Potions
 e - 3 potions of haste {unknown}
 g - 2 potions of curing {unknown}
 k - a potion of brilliance {unknown}


   Skills:
 + Level 4.3 Fighting
 - Level 2.1 Dodging
 - Level 1.5 Stealth
 * Level 5.5 Spellcasting


You couldn't memorise any spells.
You knew the following spells:

 Your Spells              Type           Power      Damage    Failure   Level
a - Shock                 Conj/Air       100%       1d9       1%          1
b - Static Discharge      Conj/Air       25%        N/A       1%          2
c - Swiftness             Air            25%        N/A       3%          3
d - Airstrike             Air            12%        N/A       13%         4
e - Lightning Bolt        Conj/Air       12%        1d26      34%         5
f - Magic Dart            Conj           100%       1d8       1%          1
g - Passwall              Tmut/Erth      20%        N/A       1%          2
h - Corpse Rot            Necr/Air       N/A        N/A       1%          2
Your spell library was empty.

Dungeon Overview and Level Annotations

Branches:
Dungeon (5/15)
 Temple: D:4-7

Altars:

Annotations:
D:5 Pikel


Innate Abilities, Weirdness & Mutations

You are immune to sickness and miasma.
You are immune to poison.
Your flesh is very heat resistant. (rF++)
You are vulnerable to cold. (rC-)
You float through the air rather than walking.
You learn spells naturally, not from books.
Your magical power is your life essence.
You have superior vitality. (+4 HP)


Message History

Confirm with . or Enter, or press ? or * to list all spells.
Pikel is struck by an arc of lightning!
Pikel is heavily wounded.
You are struck by an arc of lightning.
* * * LOW HITPOINT WARNING * * *
The lightning grounds out.
* * * LOW HITPOINT WARNING * * *
Pikel hits you with a +1 whip of flaming!
* * * LOW HITPOINT WARNING * * *
Casting: Static Discharge (safe; 1% risk of failure)
Confirm with . or Enter, or press ? or * to list all spells.
Pikel is struck by an arc of lightning.
Pikel is heavily wounded.
The lightning grounds out.
* * * LOW HITPOINT WARNING * * *
You block Pikel's attack.
Casting: Static Discharge (safe; 1% risk of failure)
Confirm with . or Enter, or press ? or * to list all spells.
Pikel is struck by an arc of lightning!
Pikel is severely wounded.
You are struck by an arc of lightning.
* * * LOW HITPOINT WARNING * * *
The lightning grounds out.
* * * LOW HITPOINT WARNING * * *
Pikel hits you with a +1 whip of flaming.
* * * LOW HITPOINT WARNING * * *
Casting: Static Discharge (safe; 1% risk of failure)
Confirm with . or Enter, or press ? or * to list all spells.
The lemure is struck by an arc of lightning.
The lemure is lightly wounded.
You are struck by an arc of lightning.
* * * LOW HITPOINT WARNING * * *
The lightning grounds out.
Pikel is struck by an arc of lightning!
Pikel is almost dead.
The lemure is struck by an arc of lightning.
The lemure is moderately wounded.
The lightning grounds out.
* * * LOW HITPOINT WARNING * * *
Pikel hits you with a +1 whip of flaming!
You die...

..............###.#
#.......##.#...##.#
########...#.#.##.#
#.###.#..#.# #.#
#.##.#.#
###'###.##...#
#........5#.<#
#.....K...#..#
#....@5...#.##
#.........#÷#
#.........#..
#.........##.#
#.........# .#
########### .. #.
..


You could see Pikel and 2 lemures.

Vanquished Creatures
  An ice beast (D:5)
  A sky beast (D:4)
  A lemure (D:5)
  Blork the orc (D:5)
  A jelly (D:3)
  2 orc priests (D:4)
  Natasha (twice) (D:4)
  2 orc wizards (D:4)
  A scorpion zombie (D:3)
  4 gnolls (D:4)
  3 adders
  A worm (D:4)
  2 dart slugs
  7 orcs
  6 endoplasms
  2 giant cockroaches (D:2)
  9 goblins
  8 hobgoblins
  18 jackals
  6 kobolds
  6 quokkas
  5 ball pythons
  5 bats
  5 frilled lizards
  6 rats
105 creatures vanquished.

Vanquished Creatures (others)
  3 fungi (D:1)
3 creatures vanquished.

Grand Total: 108 creatures vanquished

Notes
Turn   | Place    | Note
-------+----------+-------------------------------------------
     0 | D:1      | lunkers the Djinni Air Elementalist began the quest for the
                  | Orb.
     0 | D:1      | Reached XP level 1. HP: 15/15 MP: 0/0
    97 | D:1      | Reached XP level 2. HP: 10/22 MP: 0/0
   137 | D:1      | Reached skill level 3 in Spellcasting
   409 | D:1      | Reached skill level 1 in Fighting
   740 | D:1      | Reached XP level 3. HP: 23/27 MP: 0/0
   740 | D:1      | Learned a level 1 spell: Magic Dart
  1117 | D:1      | Found a faded altar of an unknown god.
  2418 | D:2      | Reached XP level 4. HP: 32/33 MP: 0/0
  2818 | D:3      | Reached skill level 4 in Spellcasting
  3314 | D:3      | Reached XP level 5. HP: 35/38 MP: 0/0
  3314 | D:3      | Learned a level 2 spell: Passwall
  3893 | D:3      | Upgraded the game from 0.27-a0-1147-gb3d8e82157 to
                  | 0.27-a0-1149-g4505690ab0
  3948 | D:4      | Reached XP level 6. HP: 4/45 MP: 0/0
  4655 | D:4      | Noticed Natasha
  4658 | D:4      | Killed Natasha
  5217 | D:4      | Noticed Natasha
  5222 | D:4      | Killed Natasha
  5261 | D:4      | Reached XP level 7. HP: 43/50 MP: 0/0
  5261 | D:4      | Learned a level 2 spell: Corpse Rot
  5660 | D:5      | Entered Level 5 of the Dungeon
  5670 | D:5      | Reached skill level 5 in Spellcasting
  5795 | D:5      | Noticed Blork the orc
  5801 | D:5      | Killed Blork the orc
  6119 | D:5      | Noticed Pikel
  6256 | D:5      | Mangled by Pikel

Illustrated notes

Levels and vault maps discovered:
D:1:      dpeg_arrival_houses_and_road, layout_loops_ring,
          shapermc_ecumenical_altar_hornbeckon, bh_walls_and_bars
D:2:      layout_loops_corners, minmay_strange_pillars
D:3:      layout_loops_corners
D:4:      layout_rooms, lemuel_flame_loot_1, uniq_natasha
D:5:      layout_basic, temple_hall, corexii_hall_statues_l,
          minmay_starry_boxes, uniq_menkaure, uniq_blork_the_orc, uniq_pikel

Skill      XL: |  1  2  3  4  5  6  7 |
---------------+----------------------+-----
Spellcasting   | 3 4 5 |  5.5
Fighting       | 1 2 3 4 |  4.3
Dodging        | |  2.1
Stealth        | |  1.5

Action                   |  1- 3 |  4- 6 |  7- 9 || total
-------------------------+-------+-------+-------++-------
Melee: Dagger            |       |     3 |       ||     3
 Cast: Shock             |    85 |    71 |       ||   156
       Static Discharge  |       |    21 |    27 ||    48
       Airstrike         |       |       |     2 ||     2
Armor: Robe              |     4 |    10 |     5 ||    19
Dodge: Dodged            |     3 |     9 |     9 ||    21
Block: Other             |     1 |     6 |     3 ||    10

Table legend: (Time is in decaauts)
 A = Elapsed time spent in this place.
 B = Non-inter-level travel time spent in this place.
 C = Inter-level travel time spent in this place.
 D = Time resting spent in this place.
 E = Time spent auto-exploring this place.
 F = Levels seen in this place.
 G = Mean time per level.
                   A        B        C        D        E       F      G
               +--------+--------+--------+--------+--------+-----+--------+
         Total |   6258 |   6117 |    141 |    773 |   4813 |   5 | 1251.6 |
       Dungeon |   6258 |   6117 |    141 |    773 |   4813 |   5 | 1251.6 |
               +--------+--------+--------+--------+--------+-----+--------+

Top non-repeatable levels by time:
     D:3: 1931 daAuts
     D:4: 1468 daAuts
     D:1: 1437 daAuts
     D:2: 1105 daAuts
     D:5: 315 daAuts
